 Dungeon Sprint DCSS version 0.21.1-1-g345015f (webtiles) character file.

4837 Fang the Fighter (level 10, -2/132 HPs)
             Began as a Demonspawn Berserker on Apr 16, 2018.
             Was the Champion of Trog.
             Slain by a red devil
             ... wielding a +2 trident of freezing
              (9 damage)
             ... in the Dungeon (Sprint V: "Ziggurat Sprint").
             The game lasted 00:04:41 (766 turns).

Fang the Fighter (Demonspawn Berserker)              Turns: 766, Time: 00:04:42

Health: -2/132     AC: 20    Str: 25    XL:     10   Next: 25%
Magic:  10/10      EV:  8    Int: 11    God:    Trog [******]
Gold:   0          SH: 20    Dex: 11    Spells: 9/9 levels left

rFire    x . .     SeeInvis .   k - +5 demon trident (flame)
rCold    + . .     Gourm    .   F - +3 large shield
rNeg     + + .     Faith    +   G - +5 shadow dragon scales
rPois    +         Spirit   .   (no helmet)
rElec    +         Reflect  .   (no cloak)
rCorr    .         Harm     .   (no gloves)
MR       .....     NoTele   +   (boots unavailable)
Stlth    ..........             B - amulet "Qaam" {Faith +Blink rPois rN++ Int-5}
HPRegen  2.32/turn              E - ring of flight
MPRegen  0.12/turn              C - ring of Revvek {Ice rElec MR- Int+8 Dex-3}

@: berserking (expiring), very quick
A: hooves 3, thin metallic scales 1, powered by death 2
a: Berserk, Trog's Hand, Brothers in Arms, Burn Spellbooks, Renounce Religion,
Evoke Blink, Evoke Flight


You were in the Dungeon.
You worshipped Trog.
Trog was exalted by your worship.
You were very hungry.

You visited 1 branch

Inventory:

Hand Weapons
 j - a +6 antimagic trident
 k - a +5 demon trident of flaming (weapon)
 A - a +2 antimagic war axe
Armour
 F - a +3 large shield (worn)
 G - +5 shadow dragon scales (worn)
Jewellery
 B - the amulet "Qaam" (around neck) {Faith +Blink rPois rN++ Int-5}
   (You found it in the Dungeon)

   [amulet of faith]

   It allows you to gain divine favour quickly.
   It affects your intelligence (-5).
   It protects you from poison.
   It greatly protects you from negative energy.
   It lets you blink.
 C - the ring of Revvek (right hand) {Ice rElec MR- Int+8 Dex-3}
   (You found it in the Dungeon)

   [ring of ice]

   It enhances your ice magic.
   It affects your intelligence (+8).
   It affects your dexterity (-3).
   It makes you vulnerable to fire.
   It protects you from cold.
   It insulates you from electricity.
   It affects your resistance to hostile enchantments.
 E - a ring of flight (left hand)
Wands
 v - a wand of disintegration (7)
 w - a wand of iceblast (7)
 x - a wand of acid (7)
Scrolls
 i - 4 scrolls of blinking
 l - 7 scrolls of fog
 m - 5 scrolls of identify
 n - 5 scrolls of remove curse
 o - 2 scrolls of fear
 z - a scroll of brand weapon
Potions
 d - 10 potions of curing
 e - 10 potions of heal wounds
 f - 6 potions of haste
 g - 7 potions of magic
 h - 3 potions of berserk rage
 p - 2 potions of brilliance
 q - 2 potions of invisibility
 r - 4 potions of resistance
 s - a potion of experience
 t - 5 potions of agility
 u - 5 potions of might
Miscellaneous
 a - a sack of spiders
Comestibles
 b - 6 chunks of flesh
 c - 7 rations


   Skills:
 + Level 11.6 Fighting
 + Level 11.0(12.8) Axes
 + Level 11.3(13.0) Polearms
 + Level 7.3 Armour
 + Level 6.3 Dodging
 + Level 0.5 Stealth
 + Level 8.6 Shields


You had 9 spell levels left.
You didn't know any spells.

Dungeon Overview and Level Annotations

Branches:
Dungeon (1/1)

Altars:
Ashenzari
Cheibriados
Dithmenos
Elyvilon
Fedhas
Gozag
Hepliaklqana
Kikubaaqudgha
Makhleb
Nemelex Xobeh
Okawaru
Qazlal
Ru
Sif Muna
Trog
Uskayaw
Vehumet
Wu Jian
Xom
Yredelemnul
Zin
The Shining One
Beogh
Jiyva
Lugonu

Annotations:
D 1 transporter


Innate Abilities, Weirdness & Mutations

You have hooves in place of feet.
You are partially covered in thin metallic scales. (AC +2)
You regenerate health from kills.


Message History

You see here a +2 rapier of venom.
You impale Moinassu!! You burn Moinassu.
Moinassu is moderately wounded.
The quasit bites you but does no damage.
You block the quasit's attack.
The quasit claws you but does no damage.
You block Moinassu's attack. You block the red devil's attack.
Unknown command.
You hit Moinassu but do no damage.
Moinassu is moderately wounded.
You block Moinassu's attack.
Unknown command.
You hit Moinassu but do no damage. You kick Moinassu, but do no damage.
Moinassu is moderately wounded.
You block the quasit's attack.
The quasit claws you but does no damage.
You block the quasit's attack.
The shadow imp hits you but does no damage.
The red devil hits you from afar with a trident of freezing!
You die...

▓▓▓▓▓▓▓▓▓▓▓▓▓▓▓▓▓▓▓
▓...8©8...▓..8©8..▓
▓..==.....▓...))..▓
▓...}))...▓..[)=..▓
▓.........▓.......▓
▓.........▓.......▓
▓...4.....▓...)...▓
▓...&55...▓.......▓
▓.▓.@5..▓.▓.▓...▓.▓
▓....©....▓...©...▓
▓▓▓▓▓▓▓▓▓▓▓▓▓▓▓▓▓▓▓


You could see Moinassu, a red devil, a quasit, a white imp and a shadow imp.

Vanquished Creatures
  A two-headed ogre (D)
  A salamander (shapeshifter) (D)
  2 ugly things (D)
  3 toenail golems (D)
  A slime creature (D)
  A blink frog (shapeshifter) (D)
  A golden eye (D)
  2 neqoxecs (D)
  A naga (D)
  4 water moccasins (D)
  2 eyes of draining (D)
  A necrophage (D)
  3 ogres (D)
  A crimson imp (D)
  A quasit (D)
  An iron imp (D)
  2 iguanas (D)
  2 adders (D)
  A white imp (D)
  2 oozes (D)
  An adder zombie (D)
  A bat zombie (D)
  2 jackals (D)
  A bat simulacrum (D)
  A giant cockroach zombie (D)
  A quokka zombie (D)
40 creatures vanquished.

Notes
Turn   | Place    | Note
-------+----------+-------------------------------------------
     0 | D        | Found the +6 Majin-Bo {vamp, Archmagi MP+6 Int+6}
     0 | D        | Found the +7 great mace "Firestarter" {inner flame, rF++}
     0 | D        | Fang the Demonspawn Berserker began the quest for the Orb.
     0 | D        | Reached XP level 1. HP: 18/18 MP: 1/1
     2 | D        | Found a blossoming altar of Fedhas.
     3 | D        | Found a viscous altar of Jiyva.
     3 | D        | Found a hazy altar of Hepliaklqana.
     3 | D        | Found a transporter.
     3 | D        | Found an opulent altar of Gozag.
     3 | D        | Found an ancient bone altar of Kikubaaqudgha.
     3 | D        | Found a corrupted altar of Lugonu.
     9 | D        | Found a burning altar of Makhleb.
    11 | D        | Found a sacrificial altar of Ru.
    11 | D        | Found a stormy altar of Qazlal.
    11 | D        | Found a deep blue altar of Sif Muna.
    11 | D        | Found an iron altar of Okawaru.
    11 | D        | Found a bloodstained altar of Trog.
    11 | D        | Found a sparkling altar of Nemelex Xobeh.
    92 | D        | Entered arena 2.
    92 | D        | Found a transporter.
   142 | D        | Entered arena 3.
   142 | D        | Noticed a toenail golem
   142 | D        | Noticed a toenail golem
   142 | D        | Noticed a toenail golem
   142 | D        | Found a transporter.
   154 | D        | Killed a toenail golem
   154 | D        | Reached ** piety under Trog
   154 | D        | Gained mutation: You regenerate a little health from kills. [demonic ancestry]
   154 | D        | Reached XP level 2. HP: 14/32 MP: 2/2
   154 | D        | Gained mutation: You have large cloven feet. [demonic ancestry]
   154 | D        | Reached XP level 3. HP: 16/37 MP: 3/3
   154 | D        | Gained mutation: You are partially covered in thin metallic scales. (AC +2) [demonic ancestry]
   154 | D        | Reached XP level 4. HP: 19/44 MP: 4/4
   154 | D        | Reached XP level 5. HP: 21/49 MP: 5/5
   154 | D        | Reached XP level 6. HP: 24/56 MP: 6/6
   163 | D        | Killed a toenail golem
   163 | D        | Reached skill level 5 in Polearms
   163 | D        | Reached skill level 5 in Armour
   163 | D        | Reached skill level 5 in Dodging
   163 | D        | Gained mutation: You have hoof-like feet. [demonic ancestry]
   163 | D        | Reached XP level 7. HP: 16/64 MP: 7/7
   170 | D        | Killed a toenail golem
   170 | D        | Gained mutation: You have hooves in place of feet. [demonic ancestry]
   170 | D        | Reached XP level 8. HP: 9/71 MP: 8/8
   457 | D        | Entered arena 4.
   457 | D        | Noticed a two-headed ogre
   457 | D        | Found a transporter.
   460 | D        | Reached skill level 5 in Shields
   461 | D        | Reached *** piety under Trog
   466 | D        | Killed a two-headed ogre
   466 | D        | Reached skill level 10 in Fighting
   480 | D        | Reached **** piety under Trog
   515 | D        | Entered arena 5.
   515 | D        | Found a transporter.
   522 | D        | Reached XP level 9. HP: 78/78 MP: 4/9
   524 | D        | Reached ***** piety under Trog
   545 | D        | Entered arena 6.
   545 | D        | Found a transporter.
   557 | D        | Received a gift from Trog
   573 | D        | Entered arena 7.
   573 | D        | Noticed a green ugly thing
   573 | D        | Noticed a troll
   573 | D        | Noticed a red ugly thing
   573 | D        | Noticed an orb spider
   574 | D        | Found the ring of Robustness {AC+8}
   574 | D        | Found a transporter.
   578 | D        | a troll changed into a blink frog
   581 | D        | Killed a red ugly thing
   582 | D        | Reached skill level 10 in Polearms
   584 | D        | Killed a green ugly thing
   591 | D        | Reached ****** piety under Trog
   592 | D        | Noticed a salamander
   592 | D        | an orb spider changed into a salamander
   599 | D        | Killed a salamander
   599 | D        | Received a gift from Trog
   599 | D        | Reached skill level 10 in Axes
   652 | D        | Entered arena 8.
   653 | D        | Found a transporter.
   662 | D        | Gained mutation: You regenerate health from kills. [demonic ancestry]
   662 | D        | Reached XP level 10. HP: 88/88 MP: 5/10
   664 | D        | Received a gift from Trog
   685 | D        | Entered arena 9.
   686 | D        | Found a transporter.
   692 | D        | Received a gift from Trog
   722 | D        | Got the amulet "Qaam" {Faith +Blink rPois rN++ Int-5}
   729 | D        | Got the ring of Revvek {Ice rElec MR- Int+8 Dex-3}
   749 | D        | Entered arena 10.
   749 | D        | Noticed Moinassu the pandemonium lord
   751 | D        | Found a transporter.
   762 | D        | Received a gift from Trog
   763 | D        | HP: 3/132 [Moinassu the pandemonium lord (7)]
   766 | D        | Slain by a red devil

Skill      XL: |  1  2  3  4  5  6  7  8  9 10 |
---------------+-------------------------------+-----
Axes           | 7 8 9 10 11 | 11.0
Armour         | 4 5 6 7 |  7.3
Dodging        | 4 5 6 |  6.3
Fighting       | 8 9 10 11 | 11.6
Polearms       | 3 5 6 8 10 11 | 11.3
Shields        | 2 4 6 8 |  8.6
Stealth        | |  0.5

Action                   |  1- 3 |  4- 6 |  7- 9 | 10-12 || total
-------------------------+-------+-------+-------+-------++-------
Melee: Demon trident     |    12 |     8 |    37 |    41 ||    98
       Kick              |       |     3 |    20 |     9 ||    32
       War axe           |       |       |    20 |       ||    20
Invok: Berserk           |     2 |       |     2 |     1 ||     5
       Burn Spellbooks   |       |       |     3 |     2 ||     5
  Use: Scroll            |     1 |       |       |       ||     1
  Eat: Chunk             |       |       |     3 |       ||     3
Armor: Shadow dragon sca |     4 |     3 |    14 |    24 ||    45
Dodge: Dodged            |     1 |       |     8 |    11 ||    20
Block: Large shield      |    13 |    13 |    38 |    64 ||   128
